 Dungeon Crawl Stone Soup version 0.22-a0-346-ga714374 (webtiles) character file.

199 xccam the Ducker (level 5, -2/67 HPs)
             Began as a Demigod Wanderer on Apr 6, 2018.
             Killed from afar by TheNamelessOne's ghost (5 damage)
             ... with a blast of sand
             ... on level 3 of the Dungeon.
             The game lasted 00:05:04 (2366 turns).

xccam the Ducker (Demigod Wanderer)                 Turns: 2366, Time: 00:05:05

Health: -2/67      AC:  5    Str: 22    XL:     5   Next: 23%
Magic:  0/7        EV: 20    Int: 15    God:
Gold:   78         SH:  0    Dex: 21    Spells: 4/4 levels left

rFire    . . .     SeeInvis +   b - +0 falchion
rCold    . . .     Gourm    .   (no shield)
rNeg     . . .     Faith    .   s - +1 robe {MR+}
rPois    .         Spirit   +   n - +0 helmet
rElec    .         Reflect  .   l - +0 cloak
rCorr    .         Harm     .   (no gloves)
MR       +....                  (no boots)
Stlth    ..........             h - amulet of guardian spirit
HPRegen  0.21/turn              y - ring of see invisible
MPRegen  0.10/turn              (no ring)

@: agile, berserking (expiring), very quick
A: high mp 1
a: no special abilities


You were on level 3 of the Dungeon.
You were not hungry.

You visited 1 branch of the dungeon, and saw 3 of its levels.

You collected 78 gold pieces.

Inventory:

Hand Weapons
 b - a +0 falchion (weapon)
 d - a +0 blowgun
 e - a +0 dagger
Missiles
 c - 20 poisoned needles
Armour
 a - a +2 leather armour
 l - a +0 cloak (worn)
 n - a +0 helmet (worn)
 o - a +0 scale mail
 r - a +1 chain mail of positive energy
 s - a +1 robe of magic resistance (worn)
Jewellery
 h - an amulet of guardian spirit (around neck)
 y - a ring of see invisible (left hand)
Scrolls
 i - 3 scrolls of identify {unknown}
 j - 2 scrolls of remove curse {unknown}
 m - a scroll of amnesia {unknown}
 p - 2 scrolls of noise {unknown}
 q - 2 scrolls of teleportation {unknown}
 t - 2 scrolls of fear {unknown}
 u - a scroll of magic mapping {unknown}
 v - a scroll of immolation {unknown}
 w - a scroll of fog {unknown}
Potions
 g - a potion of curing
Comestibles
 f - 3 rations


   Skills:
 + Level 3.3 Fighting
 + Level 2.6 Long Blades
 - Level 1.0 Throwing
 + Level 3.9 Dodging
 - Level 2.6 Stealth
   Level 1.0 Shields


You had 4 spell levels left.
You didn't know any spells.

Dungeon Overview and Level Annotations

Branches:
Dungeon (3/15)

Annotations:
D:3 TheNamelessOne's ghost, amateur DrEE


Innate Abilities, Weirdness & Mutations

You have an increased reservoir of magic. (+10% MP)


Message History

You riposte.
You closely miss TheNamelessOne's ghost.
TheNamelessOne's ghost is moderately damaged.
You hit TheNamelessOne's ghost.
TheNamelessOne's ghost is heavily damaged.
TheNamelessOne's ghost misses you.
You barely miss TheNamelessOne's ghost.
TheNamelessOne's ghost is heavily damaged.
TheNamelessOne's ghost hits you!
* * * LOW HITPOINT WARNING * * *
You hit TheNamelessOne's ghost.
TheNamelessOne's ghost is severely damaged.
TheNamelessOne's ghost completely misses you.
You hit TheNamelessOne's ghost.
TheNamelessOne's ghost is severely damaged.
You slash TheNamelessOne's ghost!
TheNamelessOne's ghost is almost destroyed.
TheNamelessOne's ghost gestures at you while chanting.
The blast of sand hits you!
You die...

#.#.# #.#.# #.#.#
#.#.# # #.#.##.#
##########.#....###
#.>W@..........!...
#.##.#.#...<.......
#.#.#.###.......
#.#...# .....S.
#.###.# ....... #.#
#.. ....... #.#
##.. #...?.. #.#
#.# #.#.## .#.#


You could see TheNamelessOne's ghost.

Vanquished Creatures
  An orc wizard (D:2)
  6 gnolls (D:2)
  4 adders (D:2)
  2 oozes
  3 worms (D:2)
  2 orcs (D:2)
  3 giant cockroaches
  9 goblins
  12 hobgoblins
  A ball python (D:1)
  8 bats
  5 frilled lizards
  6 kobolds
  4 rats
66 creatures vanquished.

Notes
Turn   | Place    | Note
-------+----------+-------------------------------------------
     0 | D:1      | xccam the Demigod Wanderer began the quest for the Orb.
     0 | D:1      | xccam set off with: a +2 leather armour, a +0 falchion, 10 poisoned needles, a +0 blowgun, a +0 dagger, a ration
     0 | D:1      | Reached XP level 1. HP: 17/17 MP: 3/3
   310 | D:1      | Reached XP level 2. HP: 24/24 MP: 4/4
   423 | D:1      | Reached skill level 1 in Long Blades
   919 | D:2      | Reached XP level 3. HP: 30/30 MP: 5/5
  1116 | D:2      | Found an ancient bone altar of Kikubaaqudgha.
  1248 | D:2      | Found a sparkling altar of Nemelex Xobeh.
  1250 | D:2      | Found a radiant altar of Vehumet.
  1282 | D:2      | Reached XP level 4. HP: 23/37 MP: 6/6
  2047 | D:2      | Reached XP level 5. HP: 45/45 MP: 7/7
  2333 | D:3      | Noticed TheNamelessOne's ghost (amateur DrEE)
  2363 | D:3      | HP: 2/67 [TheNamelessOne's ghost (7)]
  2366 | D:3      | Killed from afar by TheNamelessOne's ghost

Vault maps used:
D:1:      dpeg_arrival_simpleton_a, minmay_domino_2
D:2:      kiku_gazebo_garden_becter, gammafunk_temple_overflow_statue,
          first_ration, minmay_goblin_outpost
D:3:      led_xom_imps, uniq_jessica

Skill      XL: |  1  2  3  4 |
---------------+-------------+-----
Fighting       | 2 3 |  3.3
Long Blades    | 1 2 |  2.6
Dodging        | 3 |  3.9
Throwing       | |  1.0
Stealth        | |  2.6
Shields        | |  1.0

Action                   |  1- 3 |  4- 6 || total
-------------------------+-------+-------++-------
Melee: Falchion          |   117 |   126 ||   243
  Use: Potion            |       |     3 ||     3
 Stab: Sleeping          |     7 |       ||     7
  Eat: Chunk             |     1 |     4 ||     5
Armor: Leather armour    |    37 |       ||    37
       Robe              |     2 |    20 ||    22
Dodge: Dodged            |   104 |    90 ||   194
       Rpst.: Falchion   |    33 |    24 ||    57

Table legend:
 A = Spawn XP
 B = Non-spawn XP
 C = Spawn XP percentage of total XP
 D = Spawn monster count
 E = Non-spawn monster count
 F = Spawn count percentage of total count
 G = Total turns spent on level
                    A         B        C        D         E        F      G
               +---------+---------+-------+---------+---------+-------+---------
         Total |       0 |     285 |   0.0 |       0 |      66 |   0.0 |  2366
               +---------+---------+-------+---------+---------+-------+---------
           D:1 |       0 |      45 |   0.0 |       0 |      26 |   0.0 |   905
           D:2 |       0 |     237 |   0.0 |       0 |      38 |   0.0 |  1417
           D:3 |       0 |       3 |   0.0 |       0 |       2 |   0.0 |    44
               +---------+---------+-------+---------+---------+-------+---------
